 Dungeon Crawl Stone Soup version 0.20.1-1-g8b1a95d (webtiles) character file.

2766 Jazqa the Skirmisher (level 10, 0/106 HPs)
             Began as a Halfling Fighter on Oct 27, 2017.
             Was a Priest of the Shining One.
             Succumbed to a green ugly thing's poison
             ... on level 8 of the Dungeon.
             The game lasted 00:12:01 (8080 turns).

Jazqa the Skirmisher (Halfling Fighter)             Turns: 8080, Time: 00:12:01

Health: 0/106      AC:  8    Str: 22    XL:     10   Next: 1%
Magic:  12/12      EV: 13    Int:  6    God:    the Shining One [***...]
Gold:   324        SH: 11    Dex: 18    Spells: 9/9 levels left

rFire    . . .     SeeInvis +   H - +2 long sword (holy)
rCold    + . .     Gourm    .   c - +0 shield
rNeg     + . .     Faith    .   b - +0 scale mail
rPois    .         Spirit   .   (no helmet)
rElec    .         Reflect  .   (no cloak)
rCorr    .         Harm     .   (no gloves)
MR       .....                  p - +0 pair of boots
Stlth    ..........             (no amulet)
Regen    0.3/turn               C - ring of protection from cold
MPRegen  0.2/turn               v - ring of see invisible

@: berserking (expiring), lethally poisoned (0 -> -24), glowing, very quick
A: mutation resistance 1
a: Divine Shield, Renounce Religion


You were on level 8 of the Dungeon.
You worshipped the Shining One.
The Shining One was most pleased with you.
You were not hungry.

You visited 1 branch of the dungeon, and saw 8 of its levels.
You also visited: Ossuary.

You collected 324 gold pieces.


Innate Abilities, Weirdness & Mutations

You are small and have problems with some larger weapons.
You are somewhat resistant to further mutation.


   Skills:
 + Level 7.2 Fighting
 + Level 7.2 Long Blades
 + Level 5.6 Armour
 + Level 4.3 Dodging
 + Level 5.6 Shields
 + Level 3.8 Invocations


You had 9 spell levels left.
You didn't know any spells.

Inventory:

Hand Weapons
 H - a +2 long sword of holy wrath (weapon)
Armour
 b - a +0 scale mail (worn)
 c - a +0 shield (worn)
 p - a +0 pair of boots (worn)
Magical Staves
 F - a cursed staff of cold {unknown}
Jewellery
 v - a ring of see invisible (right hand)
 C - a ring of protection from cold (left hand)
Wands
 z - a wand of disintegration (4/24)
 A - a wand of iceblast (1/15)
Scrolls
 g - 3 scrolls of remove curse {@r2}
 k - 3 scrolls of amnesia {unknown}
 m - 2 scrolls of identify {@r1}
 r - 2 scrolls of enchant armour {unknown}
 t - a scroll of magic mapping
 x - 5 scrolls of teleportation {@r4}
 y - a scroll of immolation {unknown}
 D - a scroll of enchant weapon {unknown}
 E - 3 scrolls of recharging
Potions
 e - 3 potions of haste {@q3}
 h - a potion of berserk rage {!q}
 i - 6 potions of curing {@q1}
 l - 2 potions of agility
 n - 3 potions of brilliance
 o - a potion of mutation {unknown}
 q - 4 potions of cancellation {unknown}
 s - 2 potions of flight {unknown}
 u - a potion of might
 w - 8 potions of lignification {unknown}
Books
 d - a book of Maledictions

   Spells                             Type                      Level
   a - Corona                         Hexes                        1
   b - Ensorcelled Hibernation        Hexes/Ice                    2
   c - Confuse                        Hexes                        3
   d - Tukima's Dance                 Hexes                        3
   e - Dazzling Spray                 Conjuration/Hexes            3
 G - a book of Air

   Spells                             Type                      Level
   a - Shock                          Conjuration/Air              1
   b - Swiftness                      Charms/Air                   2
   c - Static Discharge               Conjuration/Air              3
   d - Airstrike                      Air                          4
   e - Lightning Bolt                 Conjuration/Air              5
Comestibles
 a - a royal jelly {@e3}
 f - 6 bread rations {@e1}
 j - 4 meat rations {@e1}

Dungeon Overview and Level Annotations

Branches:
Dungeon (8/15)             Temple (0/1) D:5
   Lair: D:8-11

Altars:
Sif Muna
The Shining One

Shops:
D:6 }

Annotations:
D:8 bmj180's ghost, novice HOFi

..# ###.#.. ..
.### ....... .#
...+ .......
.## ...#
....... .. #
.......
.......#.## ..
..#.....
..........##...
..#..... #
#........ ..#
.###
#####.#†#.##..#
... ..
.....>.@......#
.### ##
.########....##
.. .#### #


There were no monsters in sight!


Message History

The green ugly thing is severely wounded.
* * * LOW HITPOINT WARNING * * *
You feel sick. The green ugly thing trunk-slaps you!
* * * LOW HITPOINT WARNING * * *
You hit the green ugly thing.
The green ugly thing is severely wounded.
* * * LOW HITPOINT WARNING * * *
You feel very sick.
You hit the green ugly thing.
The green ugly thing is almost dead.
* * * LOW HITPOINT WARNING * * *
You feel sick. The green ugly thing trunk-slaps you!
* * * LOW HITPOINT WARNING * * *
You hit the green ugly thing.
The green ugly thing is almost dead.
* * * LOW HITPOINT WARNING * * *
You feel sick.
You block the green ugly thing's attack.
You slash the green ugly thing!
You kill the green ugly thing!
You have reached level 10!
You feel agile.
* * * LOW HITPOINT WARNING * * *
You feel sick.
You are too berserk!
* * * LOW HITPOINT WARNING * * *
You feel sick.
Unknown command.
You feel a strong urge to attack something.
You die...

Skill      XL: |  1  2  3  4  5  6  7  8  9 |
---------------+----------------------------+-----
Fighting       | 3 4 5 6 7 |  7.2
Long Blades    | 3 4 5 6 7 |  7.2
Dodging        | 2 4 |  4.3
Invocations    | 2 3 |  3.8
Shields        | 4 5 |  5.6
Armour         | 4 5 |  5.6

Action                   |  1- 3 |  4- 6 |  7- 9 | 10-12 || total
-------------------------+-------+-------+-------+-------++-------
Melee: Long sword        |   108 |   197 |   314 |       ||   619
       Falchion          |       |       |   167 |       ||   167
  Use: Scroll            |     3 |     6 |     5 |       ||    14
       Potion            |       |     1 |     5 |       ||     6
  Eat: Chunk             |     2 |     6 |     9 |       ||    17
       Royal jelly       |       |       |     1 |       ||     1
       Fruit             |       |       |     1 |       ||     1
       Bread ration      |       |       |     1 |       ||     1
Armor: Scale mail        |    57 |   100 |   142 |       ||   299
Dodge: Dodged            |    35 |    69 |   160 |       ||   264
Block: Shield            |    72 |   110 |   242 |       ||   424
       Rpst.: Long sword |    12 |    29 |    37 |       ||    78
       Falchion          |       |       |    13 |       ||    13

Vault maps used:
D:1:      co_arrival_square_in_a_square_in_a_square
D:2:      uniq_jessica
D:3:      lemuel_round_altar, tso_altar
D:4:      first_bread, nicolae_ossuary_entry_giza
D:5:      lemuel_upstairs_altar, minmay_temple_entry_glass
D:6:      serial_shops, nicolae_shop_crystal, st_stairs_7
D:8:      minmay_ornate_pinched, grunt_livestock, moated_statue, uniq_maurice
Ossuary:  ossuary_minmay_scorpions

Notes
Turn   | Place    | Note
-------+----------+-------------------------------------------
     0 | D:1      | Jazqa the Halfling Fighter began the quest for the Orb.
     0 | D:1      | Reached XP level 1. HP: 15/15 MP: 1/1
   301 | D:1      | Reached XP level 2. HP: 20/20 MP: 2/2
   327 | D:1      | Reached skill level 3 in Fighting
   883 | D:2      | Noticed Jessica
  1076 | D:1      | Reached XP level 3. HP: 21/26 MP: 3/3
  1335 | D:2      | Killed Jessica
  1335 | D:2      | Reached skill level 3 in Long Blades
  1335 | D:2      | Reached XP level 4. HP: 33/33 MP: 4/4
  1931 | D:3      | Found a deep blue altar of Sif Muna.
  1944 | D:3      | Reached XP level 5. HP: 37/37 MP: 5/5
  2005 | D:3      | Reached skill level 4 in Fighting
  2501 | D:3      | Found a glowing golden altar of the Shining One.
  2505 | D:3      | Reached skill level 4 in Long Blades
  2518 | D:3      | Reached XP level 6. HP: 23/44 MP: 6/6
  2835 | D:3      | Became a worshipper of the Shining One
  3345 | D:4      | Found a sand-covered staircase.
  3358 | Ossuary  | Entered an ossuary
  3444 | Ossuary  | Reached skill level 5 in Fighting
  3566 | Ossuary  | Reached * piety under the Shining One
  3566 | Ossuary  | Reached XP level 7. HP: 42/50 MP: 7/7
  3579 | Ossuary  | Reached skill level 5 in Long Blades
  4056 | Ossuary  | Reached ** piety under the Shining One
  4353 | Ossuary  | Reached skill level 6 in Fighting
  4353 | Ossuary  | Reached XP level 8. HP: 41/57 MP: 8/8
  4567 | Ossuary  | Reached skill level 1 in Dodging
  4605 | Ossuary  | Reached skill level 6 in Long Blades
  4605 | Ossuary  | Reached skill level 1 in Invocations
  5238 | D:5      | Entered Level 5 of the Dungeon
  5398 | D:5      | Reached skill level 4 in Shields
  5576 | D:5      | Found a staircase to the Ecumenical Temple.
  5879 | D:5      | Reached skill level 4 in Armour
  5879 | D:5      | Reached skill level 2 in Dodging
  6055 | D:6      | Reached *** piety under the Shining One
  6064 | D:6      | Found Ovisithra's Gadget Shoppe.
  6091 | D:6      | Reached skill level 2 in Invocations
  6163 | D:6      | Reached XP level 9. HP: 63/63 MP: 10/10
  6677 | D:6      | Reached skill level 3 in Dodging
  6836 | D:6      | Reached skill level 5 in Shields
  6836 | D:6      | Reached skill level 3 in Invocations
  6845 | D:6      | Reached skill level 5 in Armour
  7175 | D:7      | Reached skill level 7 in Fighting
  7186 | D:7      | Reached skill level 7 in Long Blades
  7699 | D:7      | Reached skill level 4 in Dodging
  7836 | D:8      | Noticed bmj180's ghost (novice HOFi)
  8059 | D:8      | Noticed a green ugly thing
  8076 | D:8      | HP: 6/96 [green ugly thing (9)]
  8078 | D:8      | Killed a green ugly thing
  8078 | D:8      | Reached XP level 10. HP: 5/71 MP: 12/12
  8079 | D:8      | HP: 1/106 [poisoned by a green ugly thing]
  8080 | D:8      | Succumbed to a green ugly thing's poison

Vanquished Creatures
  An ugly thing (D:8)
  An orc warrior (D:6)
  A hornet zombie (D:7)
  An ogre (D:6)
  A phantom (D:6)
  3 centaurs
  2 bullfrogs (D:6)
  10 scorpions
  4 crimson imps (D:6)
  4 centaur zombies (Ossuary)
  A human zombie (Ossuary)
  4 orc priests
  A jelly (D:5)
  A bullfrog zombie (D:7)
  2 hounds
  A bullfrog skeleton (D:6)
  Jessica (D:2)
  An iguana (D:6)
  5 orc wizards
  3 worker ants
  3 big kobold zombies (Ossuary)
  2 hound skeletons
  3 mummies
  A worker ant zombie (D:6)
  5 adders
  7 scorpion zombies (Ossuary)
  2 shadow imps
  3 oozes
  5 worms
  4 leopard geckos
  14 orcs
  7 giant cockroaches
  A gnoll zombie (Ossuary)
  10 goblins
  6 hobgoblins
  8 jackals
  4 quokkas
  3 ball pythons
  7 bats
  4 frilled lizards
  2 goblin zombies (Ossuary)
  2 hobgoblin zombies
  7 kobolds
  2 leopard gecko zombies
  2 orc zombies
  6 rats
168 creatures vanquished.

Vanquished Creatures (others)
  A scorpion (Ossuary)
  A centaur zombie (Ossuary)
  A mummy (Ossuary)
3 creatures vanquished.

Grand Total: 171 creatures vanquished
